 Dungeon Crawl Stone Soup version 0.30.1-9-gdf580d7c3d (webtiles) character file.

Game seed: 4818929883842451790

44 Nonny the Digger (level 3, -1/19 HPs)
             Began as a Gargoyle Earth Elementalist on Oct 8, 2023.
             Slain by a worm (9 damage)
             ... on level 3 of the Dungeon.
             The game lasted 00:08:17 (1804 turns).

Nonny the Digger (Gargoyle Earth Elementalist)      Turns: 1804, Time: 00:08:17

Health: -1/19      AC: 13    Str: 11    XL:     3   Next: 60%
Magic:  6/6        EV:  8    Int: 17    God:
Gold:   177        SH:  0    Dex: 10    Spells: 0/6 levels left

rFire   . . .        (no weapon)
rCold   . . .        (no shield)
rNeg    + . .        m - +3 scale mail
rPois   ∞            (no helmet)
rElec   +            (no cloak)
rCorr   .            (no gloves)
SInv    .            k - +0 pair of boots
Will    +....        (no amulet)
Stlth   +            n - ring of willpower
HPRegen 0.23/turn    (no ring)
MPRegen 0.10/turn

%: no passive effects
@: no status effects
A: sickness immunity, AC +3, negative energy resistance 1, electricity
resistance, torment resistance 1, petrification resistance
a: no special abilities


You were on level 3 of the Dungeon.
You visited 1 branch of the dungeon, and saw 3 of its levels.

You collected 177 gold pieces.

Inventory:

Armour
 a - a +0 robe
 j - a +0 ring mail
 k - a +0 pair of boots (worn)
 l - a +0 plate armour
 m - a +3 scale mail (worn)
Jewellery
 n - a ring of willpower (left hand)
Wands
 t - a wand of mindburst (9)
Scrolls
 e - 2 scrolls of identify {unknown}
 o - a scroll of amnesia {unknown}
 p - a scroll of enchant armour {unknown}
 q - a scroll of blinking {unknown}
 r - 3 scrolls of teleportation {unknown}
Potions
 b - a potion of magic
 c - a potion of mutation {unknown}
 d - 4 potions of curing {unknown}
 f - a potion of berserk rage {unknown}
 g - a potion of heal wounds {unknown}
 h - a potion of might {unknown}
 i - a potion of attraction {unknown}
 s - a potion of cancellation {unknown}


   Skills:
 + Level 0.2 Fighting
 - Level 1.5 Dodging
 * Level 3.0 Stealth
 - Level 2.0 Spellcasting
 - Level 0.7 Transmutations
 - Level 5.0 Earth Magic


You couldn't memorise any spells.
You knew the following spells:

 Your Spells              Type           Power      Damage    Failure   Level
a - Sandblast             Erth           36%        2d10      16%         1
b - Passwall              Tmut/Erth      9%         N/A       50%         2
c - Stone Arrow           Conj/Erth      20%        3d8       78%         3

Your spell library contained the following spells:

 Spells                   Type           Power      Damage    Failure   Level
 Petrify                  Tmut/Erth      11%        N/A       98%         4


Dungeon Overview and Level Annotations

Branches:
Dungeon (3/15)

Altars:


Innate Abilities, Weirdness & Mutations

You are immune to sickness and miasma.
Your stone body is resilient. (AC +3)
You are immune to poison.
You resist negative energy. (rN+)
You are resistant to electric shocks. (rElec)
You are resistant to unholy torment.
You are immune to petrification.


Message History

The worm barely misses you.
You hit the worm.
The worm is lightly wounded.
The worm bites you but does no damage.
You hit the worm.
The worm is moderately wounded.
You hit the worm.
The worm is moderately wounded.
The worm bites you but does no damage.
You hit the worm.
The worm is moderately wounded.
You barely miss the worm.
The worm is moderately wounded.
The worm completely misses you.
Press: ? - help, v - describe, . - travel
Here: a worm (moderately wounded)
The floor.
Unknown command.
You hit the worm.
The worm is moderately wounded.
The worm bites you but does no damage.
You hit the worm.
The worm is heavily wounded.
You hit the worm but do no damage.
The worm is heavily wounded.
The worm barely misses you.
You hit the worm.
The worm is heavily wounded.
You hit the worm but do no damage.
The worm is heavily wounded.
The worm barely misses you.
You barely miss the worm.
The worm is moderately wounded.
The worm bites you!
You hit the worm.
The worm is heavily wounded.
You hit the worm.
The worm is heavily wounded.
The worm bites you!
You die...

## ### .# # #
#.######### #.###.# #
#...†...... >.....#
#####.######### .....
..##........... ...
#.##....###########.#
#.....#.# #.@wb.#
#######<# #####.#####
#.....###.....#
#.##....#.#####
#.......#.#
####.####.# #....#.#
####.#.# #.#.#


You could see a worm and a bat.

Vanquished Creatures
  2 adders (D:2)
  A dart slug (D:2)
  3 bats
  A giant cockroach (D:2)
  6 hobgoblins
  A kobold (D:2)
  A quokka (D:1)
  5 ball pythons
  A frilled lizard (D:2)
  2 goblins
  A rat (D:2)
24 creatures vanquished.

Notes
Turn   | Place    | Note
-------+----------+-------------------------------------------
     0 | D:1      | Nonny the Gargoyle Earth Elementalist began the quest for
                  | the Orb.
     0 | D:1      | Reached XP level 1. HP: 10/10 MP: 3/3
    73 | D:1      | Starting vault: logarithmic rectangles
   176 | D:1      | Found a faded altar of an unknown god.
   205 | D:1      | Reached skill level 4 in Earth Magic
   293 | D:1      | Reached XP level 2. HP: 15/15 MP: 3/5
   301 | D:1      | Learned a level 2 spell: Passwall
   984 | D:2      | Reached XP level 3. HP: 5/19 MP: 1/6
   990 | D:2      | Learned a level 3 spell: Stone Arrow
  1593 | D:2      | Vault: plus sign of LAVA!
  1735 | D:3      | Reached skill level 5 in Earth Magic
  1804 | D:3      | Slain by a worm

Illustrated notes ############## #####.........#... #...'.........#... #.###.........'... #.# #...########## #.# #...#.....#... #@# #...#.#...'... ....^...# #...#.....#... #.......# #...#...###... ........# #...#...#<##'# ........# #######'#'##.. ........+ #...#..#.. ........# #...#..'.. ...###### #...###### #......#.. Turn 73 on D:1: Starting vault: logarithmic rectangles

####### #≈≈≈≈≈# ### #≈...≈#
##.## #§...§# ##.#.##
#≈...≈# #.###..
######≈#.#§###### ##.#.##
#≈≈≈§≈≈#.#≈≈≈≈≈≈# ##.##
###§...###.###.§§§#####.###
#.'.§.....@..§§§§§#........
#.#≈...###.###.§.≈#####.###
#†#≈≈≈≈≈≈#.#≈≈≈≈≈≈# #.# #
#.######≈#.#§###### #.# #
#..# #≈...≈# #.# # ##.#
#≈)..≈# #.# # #.# #≈...≈#
#.# # #)#
#§§≈≈≈##########.# #.#
#######........#.###


Turn 1593 on D:2: Vault: plus sign of LAVA!

Levels and vault maps discovered:
D:1:      minmay_arrival_widening_spiral_wide, layout_basic,
          chequers_ecumenical_altar_simple
D:2:      layout_loops_ring, kennysheep_minor_cross, kennysheep_generic_room_2
D:3:      layout_basic

Skill      XL: |  1  2  3 |
---------------+----------+-----
Earth Magic    | 4 5 |  5.0
Stealth        | 3 |  3.0
Fighting       | |  0.2
Dodging        | |  1.5
Spellcasting   | |  2.0
Transmutations | |  0.7

Action                     || total
---------------------------++-------
  Melee: Unarmed           ||    87
   Cast: Sandblast         ||    32
   Stab: Sleeping          ||     1
 Armour: Robe              ||    16
         Scale mail        ||     3
  Dodge: Dodged            ||    63
